 Dungeon Crawl Stone Soup version 0.30.1-11-g7821555f0a (webtiles) character file.

Game seed: 14561998438259787810

140 Okkudo the Chopper (level 5, -3/45 HPs)
             Began as a Hill Orc Monk on Dec 8, 2023.
             Slain by a gnoll
             ... wielding a +0 flail
              (6 damage)
             ... on level 3 of the Dungeon.
             The game lasted 00:04:47 (1590 turns).

Okkudo the Chopper (Hill Orc Monk)                  Turns: 1590, Time: 00:04:48

Health: -3/45      AC:  6    Str: 16    XL:     5   Next: 23%
Magic:  5/5        EV: 10    Int: 10    God:
Gold:   110        SH:  0    Dex: 13    Spells: 4/4 levels left

rFire   . . .        a - +0 hand axe
rCold   . . .        d - orb {light}
rNeg    . . .        m - +0 scale mail
rPois   .            (no helmet)
rElec   .            (no cloak)
rCorr   .            (no gloves)
SInv    .            (no boots)
Will    .....        (no amulet) Stlth
                     (no ring)
HPRegen 0.27/turn    (no ring)
MPRegen 0.09/turn

%: no passive effects
@: confused, lethally poisoned (-3 -> -4), ambrosia-drunk, glowing
A: no striking features
a: no special abilities


You were on level 3 of the Dungeon.
You visited 1 branch of the dungeon, and saw 3 of its levels.

You collected 110 gold pieces.

Inventory:

Hand Weapons
 a - a +0 hand axe (weapon)
Missiles
 e - 8 stones (quivered)
Armour
 d - an orb of light (worn)
 m - a +0 scale mail (worn)
Scrolls
 b - a scroll of amnesia {unknown}
 f - 2 scrolls of identify {unknown}
 j - a scroll of enchant weapon {unknown}
 k - a scroll of blinking {unknown}
Potions
 g - 4 potions of curing {unknown}
 h - a potion of flight {unknown}
 i - a potion of magic {unknown}
 l - a potion of haste {unknown}
 n - a potion of berserk rage {unknown}
 o - 2 potions of degeneration {unknown}


   Skills:
 - Level 3.6 Fighting
 * Level 7.6 Axes
 - Level 2.4 Dodging


You had 4 spell levels left.
You didn't know any spells.
Your spell library contained the following spells:

 Spells                   Type           Power      Damage    Failure   Level
 Lesser Beckoning         Tloc           0%         N/A       91%         2
 Gell's Gravitas          Tloc           0%         N/A       99%         3
 Teleport Other           Tloc           0%         N/A       99%         3


Dungeon Overview and Level Annotations

Branches:
Dungeon (3/15)

Altars:


Message History

You hit the adder.
The adder is heavily wounded.
The adder bites you.
You closely miss the adder.
The adder is heavily wounded.
The adder barely misses you.
You hit the adder.
The adder is severely wounded.
The adder bites you.
You are poisoned.
The adder poisons you!
You closely miss the adder.
The adder is severely wounded.
You feel sick. The adder bites you. x2
You are more poisoned.
The adder poisons you!
You barely miss the adder.
The adder is severely wounded.
You feel sick. The adder bites you but does no damage.
You closely miss the adder.
The adder is severely wounded.
You feel sick. The adder barely misses you.
You barely miss the adder.
The adder is severely wounded.
You feel sick. The adder bites you.
* * * LOW HITPOINT WARNING * * *
You hit the adder.
You kill the adder!
You feel sick.
You hit the gnoll.
The gnoll is moderately wounded.
You feel sick. The gnoll hits you with a +0 flail.
* * * LOW HITPOINT WARNING * * *
* * * LOW HITPOINT WARNING * * *
You feel sick.
Things that are here:
a +0 spear; a frilled lizard corpse You are confused.
You feel invigorated.
You feel sick. The gnoll hits you with a +0 flail.
You die...

#################
#...............#
#)#############.#
#@# #.# #g# #.#
#†# #.# #.# #.#
#.# #.#
S..#####.# #.#
.gg.g....# #.#
.#####.### #.#
^.. #########.#


You could see a gnoll.

Vanquished Creatures
  Jessica (D:2)
  3 gnolls (D:3)
  2 adders
  3 worms (D:3)
  7 ball pythons
  5 endoplasms
  2 giant cockroaches (D:1)
  4 goblins
  3 hobgoblins (D:1)
  5 jackals (D:2)
  5 kobolds
  3 quokkas (D:1)
  4 bats
  3 frilled lizards
  6 rats
56 creatures vanquished.

Notes
Turn   | Place    | Note
-------+----------+-------------------------------------------
     0 | D:1      | Okkudo the Hill Orc Monk began the quest for the Orb.
     0 | D:1      | Reached XP level 1. HP: 19/19 MP: 1/1
    58 | D:1      | Reached XP level 2. HP: 17/26 MP: 2/2
   117 | D:1      | Reached skill level 5 in Axes
   152 | D:1      | You fall into a shaft and drop 1 floor!
   366 | D:1      | Reached XP level 3. HP: 20/31 MP: 3/3
  1032 | D:2      | Reached skill level 6 in Axes
  1276 | D:2      | Reached XP level 4. HP: 34/39 MP: 4/4
  1295 | D:2      | Found a faded altar of an unknown god.
  1307 | D:2      | Noticed Jessica
  1313 | D:2      | Killed Jessica
  1554 | D:3      | Reached skill level 7 in Axes
  1567 | D:3      | Reached XP level 5. HP: 28/45 MP: 5/5
  1588 | D:3      | HP: 2/45 [gnoll/+0 flail (4)]
  1590 | D:3      | Slain by a gnoll

Illustrated notes

Levels and vault maps discovered:
D:1:      lightli_molten_gateway, layout_basic
D:2:      layout_loops_ring, nicolae_ecumenical_pavilion,
          grunt_decor_one_mirror, uniq_jessica
D:3:      layout_loops_ring, old_standard_altar, nicolae_wormholes

Skill      XL: |  1  2  3  4 |
---------------+-------------+-----
Axes           | 5 6 7 |  7.6
Fighting       | |  3.6
Dodging        | |  2.4

Action                     |  1- 3 |  4- 6 || total
---------------------------+-------+-------++-------
  Melee: Hand axe          |   116 |    58 ||   174
  Throw: Stone             |     1 |     6 ||     7
    Use: Potion            |       |     1 ||     1
 Armour: Robe              |    18 |       ||    18
         Scale mail        |    14 |    14 ||    28
  Dodge: Dodged            |    91 |    21 ||   112
